 Dungeon Crawl Stone Soup version 0.27.0-1-g7a089689b8 (webtiles) character file.

Game seed: 13316020063056341018

56 Anothat the Shield-Bearer (level 3, 0/24 HPs)
             Began as a Gargoyle Fighter on July 31, 2021.
             Slain by a ball python (2 damage)
             ... on level 2 of the Dungeon.
             The game lasted 00:00:57 (1067 turns).

Anothat the Shield-Bearer (Gargoyle Fighter)        Turns: 1067, Time: 00:00:58

Health: 0/24       AC: 10    Str: 20    XL:     3   Next: 97%
Magic:  3/3        EV:  4    Int:  8    God:
Gold:   42         SH:  9    Dex:  9    Spells: 2/2 levels left

rFire    . . .     SeeInvis .   a - +0 flail
rCold    . . .     Faith    .   c - +0 kite shield
rNeg     + . .     Spirit   .   b - +0 scale mail
rPois    ∞         Reflect  .   (no helmet)
rElec    +         Harm     .   (no cloak)
rCorr    .         Rampage  .   (no gloves)
Will     .....                  (no boots)
Stlth    ..........             (no amulet)
HPRegen  0.08/turn              (no ring)
MPRegen  0.08/turn              (no ring)

@: mighty, slowed, constricted, very slow
A: sickness immunity, AC +3, negative energy resistance 1, electricity
resistance, torment resistance 1, petrification resistance
a: no special abilities


You were on level 2 of the Dungeon.
You visited 1 branch of the dungeon, and saw 2 of its levels.

You collected 42 gold pieces.

Inventory:

Hand Weapons
 a - a +0 flail (weapon)
Armour
 b - a +0 scale mail (worn)
 c - a +0 kite shield (worn)
Scrolls
 e - a scroll of teleportation {unknown}
 g - a scroll of vulnerability {unknown}
 h - a scroll of fear {unknown}
 l - a scroll of identify {unknown}
Potions
 f - a potion of curing {unknown}
 i - a potion of lignification {unknown}
 j - a potion of mutation {unknown}
 k - a potion of brilliance {unknown}


   Skills:
 + Level 3.8 Fighting
 * Level 3.2 Maces & Flails
 - Level 3.2 Armour
 + Level 3.8 Shields


You had 2 spell levels left.
You didn't know any spells.
Your spell library contained the following spells:

 Spells                   Type           Power      Damage    Failure   Level
 Summon Small Mammal      Summ           0%         N/A       99%         1
 Call Canine Familiar     Summ           0%         N/A       100%        3
 Summon Guardian Golem    Hex/Summ       0%         N/A       100%        3


Dungeon Overview and Level Annotations

Branches:
Dungeon (2/15)

Altars:


Innate Abilities, Weirdness & Mutations

You are immune to sickness and miasma.
Your stone body is resilient. (AC +3)
You are immune to poison.
You resist negative energy. (rN+)
You are resistant to electric shocks. (rElec)
You are resistant to unholy torment.
You are immune to petrification.


Message History

You are too injured to fight recklessly!
You are too injured to fight recklessly!
You are too injured to fight recklessly!
You are too injured to fight recklessly!
You are too injured to fight recklessly!
You are too injured to fight recklessly!
You are too injured to fight recklessly!
You are too injured to fight recklessly!
You are too injured to fight recklessly!
You are too injured to fight recklessly!
You closely miss Jessica. You block Jessica's attack.
Jessica gestures at you while chanting.
You feel yourself slow down.
You feel very mighty all of a sudden. Jessica hits you with a +0 club.
* * * LOW HITPOINT WARNING * * *
You block Jessica's attack.
Jessica points at you and mumbles some strange words.
Pain shoots through your body!
* * * LOW HITPOINT WARNING * * *
You completely miss Jessica. You block Jessica's attack. x2
Jessica casts a spell at you. Pain shoots through your body!
* * * LOW HITPOINT WARNING * * *
You bludgeon Jessica!!
You kill Jessica!
The ball python bites you but does no damage.
The ball python barely misses you. You block the ball python's attack.
The ball python barely misses you.
Your Maces & Flails skill increases to level 3!
You closely miss the ball python.
The ball python bites you but does no damage.
The ball python barely misses you. The ball python bites you.
* * * LOW HITPOINT WARNING * * *
The ball python barely misses you.
You barely miss the ball python. You block the ball python's attack.
The ball python grabs you. The ball python constricts you.
The ball python bites you but does no damage.
The ball python constricts you. The ball python bites you.
You die...

#.# #. #.# #.
#.###.#..
######.....#..
.......#####..
.#####.#...#.#
.#
#...#...#.#####
.#
#.#.....#.....#
.#
#.#.....#..##@#
.#
#.###......##S#
.#
#....#.....#..#
.#
####.#######.##
.# ...... .. .#
##.....####. .#
#.......# #. .#
#.......# #. .#
#.......#


You could see a ball python.

Vanquished Creatures
  Jessica (D:2)
  2 dart slugs (D:1)
  4 endoplasms (D:1)
  A giant cockroach (D:1)
  4 goblins (D:1)
  A hobgoblin (D:1)
  A quokka (D:1)
  3 ball pythons
  2 bats (D:1)
  A frilled lizard (D:1)
  7 rats (D:1)
27 creatures vanquished.

Notes
Turn   | Place    | Note
-------+----------+-------------------------------------------
     0 | D:1      | Anothat the Gargoyle Fighter began the quest for the Orb.
     0 | D:1      | Reached XP level 1. HP: 14/14 MP: 1/1
   235 | D:1      | Reached XP level 2. HP: 18/19 MP: 2/2
   712 | D:1      | Reached XP level 3. HP: 16/23 MP: 3/3
  1058 | D:2      | Noticed Jessica
  1065 | D:2      | Killed Jessica
  1067 | D:2      | Slain by a ball python

Illustrated notes

Levels and vault maps discovered:
D:1:      scummos_arrival_star, layout_basic
D:2:      layout_basic, ebering_ecumenical_altar_petrified, feat_on_display,
          uniq_jessica

Skill      XL: |  1  2  3 |
---------------+----------+-----
Maces & Flails | 3 |  3.2
Fighting       | |  3.8
Armour         | |  3.2
Shields        | |  3.8

Action                   || total
-------------------------++-------
Melee: Flail             ||    73
  Use: Potion            ||     1
Armor: Scale mail        ||    30
Dodge: Dodged            ||    16
Block: Kite shield       ||    37
